 Dungeon Crawl Stone Soup version 0.19-a0-1002-g674d22e (console) character file.

2710 brucemayne the Cleaver (level 9, -3/68 HPs)
             Began as a Vampire Berserker on July 18, 2016.
             Was a Believer of Trog.
             Slain by a fire bat (8 damage)
             ... on level 10 of the Dungeon.
             The game lasted 00:16:21 (3089 turns).

brucemayne the Cleaver (Vampire Berserker)          Turns: 3089, Time: 00:16:22

Health: -3/68      AC: 14    Str: 19    XL:     9   Next: 39%
Magic:  8/9        EV:  6    Int: 10    God:    Trog [**....]
Gold:   231        SH:  0    Dex: 13    Spells: 0 memorised, 8 levels left

rFire  . . .     SeeInvis +     a - +1 hand axe
rCold  . . .     Gourm    .     q - +0 plate armour
rNeg   + . .     Faith    .     (no shield)
rPois  .         Spirit   .     n - +1 helmet
rElec  .         Dismiss  .     (no cloak)
rCorr  .         Reflect  .     (no gloves)
SustAt .         Harm     .     (no boots)
MR     +....                    (no amulet)
Stlth  ..........               (no ring)
                                t - ring of protection from magic

@: somewhat resistant to hostile enchantments, extremely unstealthy
A: fangs 3, see invisible, unbreathing
a: Bat Form, Berserk, Trog's Hand, Burn Spellbooks, Renounce Religion


You were on level 10 of the Dungeon.
You worshipped Trog.
Trog was pleased with you.
You were not thirsty.

You visited 2 branches of the dungeon, and saw 11 of its levels.

You collected 231 gold pieces.

Inventory:

Hand Weapons
 a - a +1 hand axe (weapon)
Missiles
 f - 32 poisoned needles
 l - a throwing net (quivered)
Armour
 b - a +0 animal skin
 n - a +1 helmet (worn)
 q - a +0 plate armour (worn)
 r - a +3 leather armour of fire resistance
 w - the +1 leather armour of Liberalism {rF- rN+++ rCorr Int+3}
   (You found it on level 5 of the Dungeon)

   It affects your intelligence (+3).
   It makes you vulnerable to fire.
   It renders you almost immune to negative energy.
   It protects you from acid and corrosion.
 y - a +0 scale mail
Magical Staves
 E - an uncursed staff of earth {unknown}
Jewellery
 t - a ring of protection from magic (left hand)
Wands
 v - a wand of enslavement (18/24)
 G - a wand of confusion (32/48)
Scrolls
 g - 3 scrolls of enchant weapon
 i - a scroll of remove curse
 j - 2 scrolls of recharging
 o - a scroll of enchant armour
 s - a scroll of identify
 u - 2 scrolls of fog {unknown}
 B - 2 scrolls of teleportation {unknown}
 D - a scroll of immolation {unknown}
Potions
 c - a potion of cancellation
 d - 2 potions of curing
 e - 2 potions of brilliance {unknown}
 h - 4 potions of blood
 k - a potion of heal wounds {unknown}
 m - 2 potions of lignification {unknown}
 p - a potion of mutation {unknown}
 z - 3 potions of flight
 A - a potion of cure mutation {unknown}
 F - a potion of haste {unknown}
Books
 x - a book of Dreams

   Spells                             Type                      Level
   a - Ensorcelled Hibernation        Hexes/Ice                    2
   b - Silence                        Hexes/Air                    5
   c - Darkness                       Hexes                        6
   d - Shadow Creatures               Summoning                    6
   Trog disapproves of the use of such an item.
 C - a book of Minor Magic

   Spells                             Type                      Level
   a - Magic Dart                     Conjuration                  1
   b - Blink                          Translocation                2
   c - Call Imp                       Summoning                    2
   d - Repel Missiles                 Charms/Air                   2
   e - Slow                           Hexes                        2
   f - Conjure Flame                  Conjuration/Fire             3
   g - Mephitic Cloud                 Conjuration/Poison/Air       3
   Trog disapproves of the use of such an item.


   Skills:
 - Level 5.0 Fighting
 + Level 10.1 Axes
 + Level 4.8 Armour
 - Level 2.1 Dodging


You had 8 spell levels left.
You didn't know any spells.

Dungeon Overview and Level Annotations

Branches:
Dungeon (10/15)            Temple (1/1) D:7
   Lair: D:8-11         Orc: D:9-12

Altars:
Dithmenos
Elyvilon
Fedhas
Gozag
Makhleb
Nemelex Xobeh
Okawaru
Qazlal
Trog
Uskayaw
Xom

Shops:
D:7 ?

Annotations:
D:7 exclusion: downstairs


Innate Abilities, Weirdness & Mutations

You have razor-sharp teeth.
You have supernaturally acute eyesight. (SInv)
You can survive without breathing.


Message History

Aim: a fire bat (chance to defeat MR: 54%)
The fire bat is charmed.
This wand has 19 charges left.
The fire bat completely misses your fire bat.
The fire bat bites your fire bat.
Your fire bat is engulfed in flames.
Your fire bat completely resists.
Your fire bat closely misses the fire bat.
Your fire bat barely misses the fire bat.
The fire bat bites your fire bat.
Your fire bat is engulfed in flames.
Your fire bat completely resists.
Your fire bat closely misses the fire bat.
The fire bat closely misses your fire bat.
Evoke which item? (* to show all) (? for menu, Esc to quit)
Zapping:
v - a wand of enslavement (19/24)
Press: ? - help, Shift-Dir - straight line, f/p - fire bat
Aim: a fire bat (chance to defeat MR: 54%)
The fire bat resists with significant effort.
This wand has 18 charges left.
The fire bat bites you.
* * * LOW HITPOINT WARNING * * *
You are engulfed in flames!
You die...

#........# ###
########..#.#.#.### #.#
#...............#.# #.#
#.#######.#.#.#...# #.# #.#
#.........# #.# #.# #.#.#.#.#.#
#.# #.# #.......#.#
####.#####.#######..##.###.######
...........b...b@....<...........
.....#######.#####.######........
.....# #.# #.# #........ .....#
#.# #.# #........ .....# #.# #.#
#........ .....# #.# #.#
#........ ....)# #.# #.#
#........ .....# ##.# #.#
#........ .....# #..#


You could see a fire bat and a friendly fire bat.

Vanquished Creatures
  A hill giant (D:9)
  2 hippogriffs
  Duvessa (D:7)
  An orc warrior (D:7)
  2 ice beasts
  4 sky beasts
  2 ogres (D:7)
  A phantom (D:7)
  2 wolves (D:8)
  A centaur (D:9)
  3 giant frogs
  2 crimson imps (D:7)
  A giant frog zombie (D:7)
  5 hounds
  3 worker ants
  Ijyb (D:3)
  2 iguanas
  A killer bee zombie (D:6)
  2 hound skeletons
  A worker ant zombie (D:6)
  6 adders
  4 shadow imps
  An ooze (D:3)
  A worm (D:4)
  A dart slug (D:2)
  A giant gecko (D:3)
  8 orcs
  2 giant cockroaches (D:3)
  A goblin (D:2)
  5 hobgoblins
  5 jackals
  3 kobolds
  3 quokkas
  A ball python (D:4)
  3 bats
  2 giant gecko skeletons
  3 giant newts
  4 rats
92 creatures vanquished.

Vanquished Creatures (others)
  Dowan (D:7)
  4 toadstools (D:1)
5 creatures vanquished.

Grand Total: 97 creatures vanquished

Notes
Turn   | Place    | Note
-------+----------+-------------------------------------------
     0 | D:1      | brucemayne the Vampire Berserker began the quest for the Orb.
     0 | D:1      | Reached XP level 1. HP: 17/17 MP: 1/1
   194 | D:1      | Reached skill level 3 in Axes
   287 | D:3      | Reached XP level 2. HP: 19/23 MP: 2/2
   508 | D:4      | Found a stormy altar of Qazlal.
   554 | D:3      | Reached XP level 3. HP: 23/28 MP: 3/3
   584 | D:3      | Reached ** piety under Trog
   584 | D:3      | Reached skill level 4 in Axes
   901 | D:3      | Reached XP level 4. HP: 31/34 MP: 4/4
  1005 | D:3      | Found a white marble altar of Elyvilon.
  1006 | D:3      | Found a shadowy altar of Dithmenos.
  1007 | D:3      | Noticed Ijyb
  1007 | D:3      | Found a blossoming altar of Fedhas.
  1008 | D:3      | Found a shimmering altar of Xom.
  1010 | D:3      | Found a sparkling altar of Nemelex Xobeh.
  1038 | D:3      | Killed Ijyb
  1125 | D:5      | Entered Level 5 of the Dungeon
  1203 | D:5      | Reached skill level 5 in Axes
  1220 | D:5      | Noticed an ice beast
  1250 | D:5      | Found a bloodstained altar of Trog.
  1266 | D:5      | Killed an ice beast
  1266 | D:5      | Reached XP level 5. HP: 22/39 MP: 5/5
  1300 | D:5      | Got a pitted leather armour
  1304 | D:5      | Noticed a hand axe
  1304 | D:5      | Noticed a dagger
  1307 | D:5      | Found a hide-covered altar of Uskayaw.
  1410 | D:6      | Noticed a sky beast
  1430 | D:6      | Killed a sky beast
  1430 | D:6      | Reached skill level 6 in Axes
  1430 | D:6      | Reached XP level 6. HP: 33/46 MP: 6/6
  1520 | D:5      | Identified the +1 leather armour of Liberalism {rF- rN+++ rCorr Int+3} (You found it on level 5 of the Dungeon)
  1585 | D:6      | Noticed a sky beast
  1605 | D:6      | Killed a sky beast
  1605 | D:6      | Reached skill level 7 in Axes
  1741 | D:7      | Reached XP level 7. HP: 20/51 MP: 7/7
  1768 | D:7      | Found Loydghap's Magic Scroll Shop.
  1883 | D:7      | Reached skill level 8 in Axes
  1954 | D:7      | Noticed a hippogriff
  1969 | D:7      | Killed a hippogriff
  2029 | D:7      | Reached skill level 9 in Axes
  2029 | D:7      | Reached XP level 8. HP: 28/57 MP: 8/8
  2059 | D:8      | Noticed a troll
  2423 | D:7      | Noticed Duvessa
  2423 | D:7      | Noticed Dowan
  2443 | D:7      | Your ally died
  2447 | D:7      | Killed Duvessa
  2469 | D:7      | Found a staircase to the Ecumenical Temple.
  2479 | Temple   | Entered the Ecumenical Temple
  2569 | D:9      | Noticed a hill giant
  2584 | D:9      | Killed a hill giant
  2584 | D:9      | Reached XP level 9. HP: 43/66 MP: 9/9
  2633 | D:8      | Reached skill level 5 in Fighting
  2716 | D:8      | Found an opulent altar of Gozag.
  2881 | D:9      | Reached skill level 10 in Axes
  2977 | D:10     | Entered Level 10 of the Dungeon
  2977 | D:10     | Noticed an unseen horror
  3073 | D:10     | Noticed a fire giant
  3074 | D:10     | Noticed a hill giant
  3089 | D:10     | Slain by a fire bat

Vault maps used:
D:1:      ldierk_water_garden, nrook_mini_vaults
D:2:      minmay_gold_behind_fungi
D:3:      minitemple, first_bread, portal_sewer_entry_e, uniq_iyjb
D:4:      nicolae_qazlal_general_emergency, uniq_grinder,
          uniq_crazy_yiuf_cottage
D:5:      old_standard_altar, dancing_weapons_uskayaw, serial_bayou_pond_a,
          lemuel_tele_altar
D:7:      serial_shops, nicolae_shop_crystal, the_bakery, uniq_duvessa
D:8:      trog_ov_bears_minmay, nicolae_gozag_cash_rules_everything_around_me,
          zin_scriptorium, erik_lair_island, serial_shops,
          kennysheep_little_box, uniq_maurice
D:9:      uniq_psyche
D:10:     minmay_firetagon, serial_shops, shop, nicolae_shop_waterfront,
          serial_glass, glass_columns_c, glass_columns_b, glass_columns_b,
          glass_columns_a, glass_columns_a, glass_columns_a, glass_columns_b,
          glass_columns_a
Temple:   minmay_temple_curvy_loop

Skill      XL: |  1  2  3  4  5  6  7  8  9 |
---------------+----------------------------+-----
Axes           | 3 4 5 6 7 9 10 | 10.1
Fighting       | 4 5 |  5.0
Armour         | 3 4 |  4.8
Dodging        | |  2.1

Action                   |  1- 3 |  4- 6 |  7- 9 || total
-------------------------+-------+-------+-------++-------
Melee: Hand axe          |    80 |   142 |   250 ||   472
       Bite              |     8 |    13 |    33 ||    54
       Unarmed           |       |       |     3 ||     3
Throw: Throwing net      |       |       |     1 ||     1
Invok: Berserk           |     2 |     5 |     8 ||    15
       Trog's Hand       |     1 |     1 |     5 ||     7
 Abil: End Transformatio |       |     2 |     5 ||     7
       Bat Form          |       |     2 |     5 ||     7
Evoke: Wand              |       |       |     6 ||     6
  Use: Potion            |     4 |     8 |    14 ||    26
       Scroll            |       |     2 |     7 ||     9
 Stab: Sleeping          |     1 |       |       ||     1
Armor: Animal skin       |    16 |    10 |       ||    26
       Leather armour    |       |    46 |    40 ||    86
       Plate armour      |       |       |    96 ||    96
Dodge: Dodged            |    47 |    72 |   112 ||   231
